 Dungeon Crawl Stone Soup version 0.27-a0-343-gfcad680f63 (webtiles) character file.

Game seed: 10080576090875402854

18379 wampuh the Thaumaturge (level 12, -8/94 HPs)
             Began as a Gnoll Warper on Feb 15, 2021.
             Was an Initiate of Gozag.
             Mangled by a frost giant
             ... wielding a +3 battleaxe of freezing
              (27 damage)
             ... in an ice cave.
             The game lasted 00:42:31 (14011 turns).

wampuh the Thaumaturge (Gnoll Warper)              Turns: 14011, Time: 00:42:31

Health: -8/94      AC: 16    Str: 19    XL:     12   Next: 57%
Magic:  14/25      EV: 17    Int: 19    God:    Gozag
Gold:   2282       SH:  5    Dex: 18    Spells: 18/29 levels left

rFire    . . .     SeeInvis .   T - +2 lajatang (speed)
rCold    . . .     Faith    .   (shield currently unavailable)
rNeg     . . .     Spirit   .   R - +6 ring mail of Houcoj {Dex+4}
rPois    .         Reflect  +   l - +0 helmet
rElec    .         Harm     .   z - +0 cloak
rCorr    .         Rampage  .   (no gloves)
Will     .....                  j - +0 pair of boots
Stlth    +++.......             H - amulet of reflection
HPRegen  0.25/turn              h - +6 ring of intelligence
MPRegen  0.19/turn              N - +6 ring of strength

@: mighty, gold aura
A: distributed training, fangs 1, strong nose
a: Renounce Religion, Potion Petition, Call Merchant, Bribe Branch


You were in an ice cave.
You worshipped Gozag.
Gozag was most pleased with you.
You visited 2 branches of the dungeon, and saw 14 of its levels.
You also visited: Ice Cave.

You collected 2926 gold pieces.
You spent 252 gold pieces at shops.
You paid 392 gold pieces to Gozag.

Inventory:

Hand Weapons
 r - a +2 spectral club
 B - a +2 dagger of electrocution
 P - the +7 mace "Suwitot" {vorpal, Str+2 Int+3}
   (You took it off a centaur on level 10 of the Dungeon)

   It inflicts extra damage upon your enemies.
   It affects your strength (+2).
   It affects your intelligence (+3).
 S - a +2 hunting sling of flaming
 T - a +2 lajatang of speed (weapon)
Missiles
 e - 4 boomerangs of dispersal (quivered)
Armour
 f - a +0 buckler
 j - a +0 pair of boots (worn)
 l - a +0 helmet (worn)
 z - a +0 cloak (worn)
 R - the +6 ring mail of Houcoj (worn) {Dex+4}
   (You found it on level 10 of the Dungeon)

   It affects your dexterity (+4).
Jewellery
 h - a +6 ring of intelligence (left hand)
 m - an amulet of regeneration
 t - an amulet of guardian spirit
 y - an amulet of the acrobat
 C - an amulet of magic regeneration
 D - a ring of poison resistance
 F - a +4 ring of protection
 H - an amulet of reflection (around neck)
 N - a +6 ring of strength (right hand)
 Q - a +6 ring of strength
Wands
 A - a wand of acid (6)
 I - a wand of random effects (21)
 K - a wand of flame (23)
Scrolls
 a - 4 scrolls of identify
 c - 4 scrolls of enchant armour {unknown}
 d - 5 scrolls of blinking
 g - 4 scrolls of immolation
 s - 5 scrolls of amnesia
 u - 4 scrolls of enchant weapon {unknown}
 v - 4 scrolls of teleportation
 w - 2 scrolls of fog
 x - 5 scrolls of random uselessness {unknown}
 M - a scroll of fear
 U - a scroll of brand weapon {unknown}
Potions
 i - 3 potions of berserk rage {unknown}
 k - a potion of attraction
 n - 4 potions of flight
 o - 3 potions of curing
 p - 6 potions of ambrosia {unknown}
 q - 3 potions of lignification {unknown}
 E - 4 potions of mutation {unknown}
 G - a potion of heal wounds
 J - 2 potions of might
 L - a potion of cancellation


   Skills:
 + Level 8.8 Fighting
 + Level 7.4 Short Blades
 + Level 8.8 Long Blades
 + Level 7.4 Axes
 + Level 7.4 Maces & Flails
 + Level 7.4 Polearms
 + Level 7.4 Staves
 + Level 7.4 Slings
 + Level 7.4 Bows
 + Level 7.4 Crossbows
 + Level 7.9 Throwing
 + Level 7.9 Armour
 + Level 8.8 Dodging
 + Level 7.4 Stealth
 + Level 7.4 Shields
 + Level 7.4 Unarmed Combat
 + Level 9.0 Spellcasting
 + Level 6.1 Conjurations
 + Level 6.1 Hexes
 + Level 6.1 Summonings
 + Level 6.1 Necromancy
 + Level 8.3 Translocations
 + Level 6.1 Transmutations
 + Level 6.1 Fire Magic
 + Level 6.1 Ice Magic
 + Level 6.1 Air Magic
 + Level 6.1 Earth Magic
 + Level 6.1 Poison Magic
 + Level 8.1 Invocations
 + Level 7.4 Evocations


You had 18 spell levels left.
You knew the following spells:

 Your Spells              Type           Power        Failure   Level
a - Blink                 Tloc           N/A          1%          2
b - Slow                  Hex            32%          1%          2
c - Mephitic Cloud        Conj/Pois/Air  32%          3%          3
d - Fulminant Prism       Conj/Hex       16%          10%         4

Your spell library contained the following spells:

 Spells                   Type           Power        Failure   Level
 Magic Dart               Conj           100%         1%          1
 Shock                    Conj/Air       100%         1%          1
 Call Imp                 Summ           32%          1%          2
 Searing Ray              Conj           64%          1%          2
 Swiftness                Air            32%          1%          2
 Gell's Gravitas          Tloc           20%          1%          3
 Lesser Beckoning         Tloc           20%          1%          3
 Teleport Other           Tloc           40%          1%          3
 Confusing Touch          Hex            32%          3%          3
 Conjure Flame            Conj/Fire      32%          3%          3
 Dazzling Flash           Conj/Hex       64%          3%          3
 Static Discharge         Conj/Air       32%          3%          3
 Tukima's Dance           Hex            32%          3%          3
 Passage of Golubria      Tloc           N/A          4%          4
 Iskenderun's Mystic Bla  Conj/Tloc      36%          6%          4
 Airstrike                Air            16%          10%         4
 Petrify                  Tmut/Erth      32%          10%         4
 Summon Forest            Summ/Tloc      18%          19%         5
 Lightning Bolt           Conj/Air       16%          28%         5
 Metabolic Englaciation   Hex/Ice        16%          28%         5
 Yara's Violent Unravell  Hex/Tmut       16%          28%         5
 Spellforged Servitor     Conj/Summ      16%          100%        7


Dungeon Overview and Level Annotations

Branches:
Dungeon (13/15)            Temple (1/1) D:4            Lair (0/6) D:9
    Orc (0/2) D:11          IceCv (1/1)
 Vaults: D:13-14

Altars:
Ashenzari
Cheibriados
Dithmenos
Elyvilon
Fedhas
Gozag
Hepliaklqana
Kikubaaqudgha
Makhleb
Nemelex Xobeh
Okawaru
Qazlal
Ru
Sif Muna
Trog
Uskayaw
Vehumet
Wu Jian
Xom
Yredelemnul
Zin
The Shining One

Shops:
D:4 ?


Innate Abilities, Weirdness & Mutations

Your experience applies equally to all skills.
You have very sharp teeth.
Your uncanny sense of smell can sniff out nearby items.


Message History

You block the polar bear's attack. x2; The polar bear barely misses you.
You slice the frost giant!!
The frost giant is no longer distracted by gold.
The frost giant is moderately wounded.
The frost giant is engulfed in noxious fumes.
The frost giant hits you with a +3 battleaxe of freezing!
The frost giant freezes you. You block the polar bear's attack.
The polar bear claws you but does no damage.
You block the polar bear's attack.
You slash the frost giant!
The frost giant is heavily wounded.
You slice the frost giant!!
The frost giant is severely wounded.
The polar bear bites you!
The polar bear claws you but does no damage. x2
The frost giant is engulfed in noxious fumes.
The frost giant hits you with a +3 battleaxe of freezing.
The frost giant freezes you.
You hit the frost giant.
The frost giant is severely wounded.
The polar bear bites you! You block the polar bear's attack.
The polar bear claws you but does no damage.
You slash the frost giant!
The frost giant is almost dead.
The frost giant is engulfed in noxious fumes.
The frost giant hits you with a +3 battleaxe of freezing!!
The frost giant freezes you.
* * * LOW HITPOINT WARNING * * *
Your ring mail of Houcoj prevents you from hitting the frost giant.
The frost giant is almost dead.
The polar bear bites you.
* * * LOW HITPOINT WARNING * * *
The polar bear barely misses you. The polar bear claws you.
* * * LOW HITPOINT WARNING * * *
You completely miss the frost giant.
You bite the frost giant, but do no damage.
The frost giant is almost dead.
The frost giant hits you with a +3 battleaxe of freezing!!
You die...
Your body crumbles into a pile of gold. #≈≈#≈≈≈≈≈# ##≈≈≈≈≈≈≈≈ ##≈≈≈≈≈≈≈≈≈ #.#≈≈≈≈≈≈≈ ##.##≈≈≈≈≈# ∆ #.## ≈≈≈≈≈### ∆ #.## ≈#≈≈##.## $$$ #..# ##≈##.C.# $$$$

#..###.≈.h@#∆.#
$$
#...#)#.#.###..#
$ #...#..##.#
..C. $
##..###..##
.h.Y. ##..###.#
..... ##.##.##
.... #..##.#
.... ##.##.##
##..##.##


You could see a frost giant and a polar bear.

Vanquished Creatures
  A queen ant (D:10)
  2 two-headed ogres (D:10)
  Pikel (D:4)
  An ice statue (IceCv)
  A centaur skeleton (D:10)
  3 trolls
  12 polar bears (IceCv)
  3 meliai (D:13)
  2 slime creatures (D:12)
  2 wyverns
  A vampire (D:11)
  27 yaks
  2 humans (D:8)
  Menkaure (D:6)
  3 soldier ants (D:10)
  3 ice beasts
  An orc warrior (D:12)
  2 sky beasts
  3 black bears
  5 ogres
  2 centaurs
  7 wolves
  4 phantoms
  A kobold brigand (D:10)
  10 bullfrogs
  A scorpion (D:4)
  9 killer bees
  15 wights
  2 electric eels (D:9)
  4 crimson imps (D:4)
  A centaur zombie (D:9)
  A quasit (D:10)
  3 iron imps (D:9)
  15 orc priests
  8 hounds
  4 jellies
  A bullfrog skeleton (D:4)
  Jessica (D:2)
  3 iguanas
  19 worker ants
  10 orc wizards
  10 adders
  7 gnolls
  A shadow imp (D:10)
  6 white imps
  An ufetubus (D:10)
  An ooze (D:3)
  3 adder zombies
  An adder skeleton (D:9)
  2 worms
  2 dart slugs
  2 leopard geckos
  41 orcs
  A ball python (D:1)
  2 giant cockroaches
  11 goblins
  8 hobgoblins
  9 jackals
  3 quokkas
  5 bats
  3 frilled lizards
  2 goblin skeletons (D:7)
  3 goblin zombies (D:7)
  4 hobgoblin zombies (D:7)
  16 kobolds
  2 kobold zombies (D:7)
  An orc zombie (D:7)
  A quokka skeleton (D:7)
  A quokka zombie (D:8)
  11 rats
  2 fulminant prisms (IceCv)
359 creatures vanquished.

Vanquished Creatures (collateral kills)
  2 worker ants (D:10)
2 creatures vanquished.

Vanquished Creatures (others)
  A rime drake (IceCv)
  3 polar bears (IceCv)
  3 yaks (IceCv)
  14 wolves (IceCv)
  9 fulminant prisms
30 creatures vanquished.

Grand Total: 391 creatures vanquished

Notes
Turn   | Place    | Note
-------+----------+-------------------------------------------
     0 | D:1      | wampuh the Gnoll Warper began the quest for the Orb.
     0 | D:1      | Reached XP level 1. HP: 20/20 MP: 6/6
     3 | D:1      | Noticed a minotaur zombie
     5 | D:1      | Noticed a spriggan
    11 | D:1      | Noticed a minotaur zombie
    13 | D:1      | Noticed an octopode
    15 | D:1      | Noticed a formicid
    15 | D:1      | Noticed a vine stalker
    15 | D:1      | Noticed a naga
    17 | D:1      | Noticed an ogre
    21 | D:1      | Noticed a merfolk zombie
   458 | D:1      | Reached XP level 2. HP: 24/26 MP: 7/7
   599 | D:1      | Learned a level 2 spell: Blink
  1530 | D:1      | Reached XP level 3. HP: 26/31 MP: 9/9
  1578 | D:2      | Reached skill level 5 in Spellcasting
  2049 | D:2      | Reached skill level 1 in Invocations
  2115 | D:2      | Reached skill level 1 in Short Blades
  2115 | D:2      | Reached skill level 1 in Axes
  2115 | D:2      | Reached skill level 1 in Maces & Flails
  2115 | D:2      | Reached skill level 1 in Polearms
  2115 | D:2      | Reached skill level 1 in Staves
  2115 | D:2      | Reached skill level 1 in Slings
  2115 | D:2      | Reached skill level 1 in Bows
  2115 | D:2      | Reached skill level 1 in Crossbows
  2115 | D:2      | Reached skill level 1 in Stealth
  2115 | D:2      | Reached skill level 1 in Shields
  2115 | D:2      | Reached skill level 1 in Unarmed Combat
  2115 | D:2      | Reached skill level 1 in Evocations
  2208 | D:2      | Reached XP level 4. HP: 36/38 MP: 11/11
  2668 | D:2      | Noticed Jessica
  2677 | D:2      | Killed Jessica
  2678 | D:2      | Reached skill level 1 in Conjurations
  2678 | D:2      | Reached skill level 1 in Hexes
  2678 | D:2      | Reached skill level 1 in Summonings
  2678 | D:2      | Reached skill level 1 in Necromancy
  2678 | D:2      | Reached skill level 1 in Transmutations
  2678 | D:2      | Reached skill level 1 in Fire Magic
  2678 | D:2      | Reached skill level 1 in Ice Magic
  2678 | D:2      | Reached skill level 1 in Air Magic
  2678 | D:2      | Reached skill level 1 in Earth Magic
  2678 | D:2      | Reached skill level 1 in Poison Magic
  3054 | D:2      | Reached XP level 5. HP: 27/43 MP: 12/12
  3222 | D:3      | You fall into a shaft and drop 2 floors!
  3222 | D:5      | Entered Level 5 of the Dungeon
  3230 | D:4      | Noticed a lemure
  3269 | D:3      | Found a shimmering altar of Xom.
  3589 | D:3      | Found a sparkling altar of Nemelex Xobeh.
  3910 | D:4      | Found a bloodstained altar of Trog.
  3916 | D:4      | Found a staircase to the Ecumenical Temple.
  3923 | D:4      | Reached XP level 6. HP: 50/50 MP: 13/13
  3926 | Temple   | Entered the Ecumenical Temple
  3988 | Temple   | Became a worshipper of Gozag Ym Sagoz the Greedy
  4057 | D:4      | Found Miczoce's Magic Scroll Emporium.
  4274 | D:4      | Reached skill level 5 in Fighting
  4274 | D:4      | Reached skill level 5 in Long Blades
  4274 | D:4      | Reached skill level 5 in Dodging
  4344 | D:4      | Found a shimmering altar of Xom.
  4424 | D:4      | Bought a scroll of fog for 22 gold pieces
  4424 | D:4      | Bought a scroll of teleportation for 33 gold pieces
  4424 | D:4      | Bought a scroll of amnesia for 38 gold pieces
  4550 | D:4      | Noticed Pikel
  4631 | D:4      | Killed Pikel
  4632 | D:4      | Reached XP level 7. HP: 39/56 MP: 15/15
  4641 | D:4      | Reached XP level 8. HP: 57/63 MP: 16/16
  5390 | D:5      | Found a sparkling altar of Nemelex Xobeh.
  5444 | D:5      | Found a broken altar of Ashenzari.
  5481 | D:5      | Found a hazy altar of Hepliaklqana.
  5757 | D:5      | Reached skill level 6 in Spellcasting
  5947 | D:6      | Learned a level 2 spell: Slow
  6270 | D:6      | Identified the Catalogue of the Escort and Hexes
  6415 | D:6      | Reached XP level 9. HP: 69/69 MP: 18/18
  6443 | D:6      | Found a glowing silver altar of Zin.
  6590 | D:7      | Noticed Menkaure
  6717 | D:6      | Killed Menkaure
  6792 | D:7      | Found a stormy altar of Qazlal.
  6938 | D:7      | Found a hide-covered altar of Uskayaw.
  7004 | D:7      | Found a glowing golden altar of the Shining One.
  7157 | D:7      | Reached skill level 5 in Throwing
  7157 | D:7      | Reached skill level 5 in Armour
  7595 | D:8      | Found an iron altar of Okawaru.
  7615 | D:8      | Reached skill level 5 in Invocations
  7771 | D:8      | Found a broken altar of Ashenzari.
  7877 | D:8      | Reached skill level 7 in Spellcasting
  7890 | D:8      | Reached XP level 10. HP: 72/77 MP: 20/20
  8140 | D:8      | Reached skill level 5 in Short Blades
  8140 | D:8      | Reached skill level 5 in Axes
  8140 | D:8      | Reached skill level 5 in Maces & Flails
  8140 | D:8      | Reached skill level 5 in Polearms
  8140 | D:8      | Reached skill level 5 in Staves
  8140 | D:8      | Reached skill level 5 in Slings
  8140 | D:8      | Reached skill level 5 in Bows
  8140 | D:8      | Reached skill level 5 in Crossbows
  8140 | D:8      | Reached skill level 5 in Stealth
  8140 | D:8      | Reached skill level 5 in Shields
  8140 | D:8      | Reached skill level 5 in Unarmed Combat
  8140 | D:8      | Reached skill level 5 in Evocations
  8144 | D:8      | Learned a level 3 spell: Mephitic Cloud
  8200 | D:8      | Found a shadowy altar of Dithmenos.
  8584 | D:9      | Found a staircase to the Lair.
  8849 | D:4      | Bought a scroll of teleportation for 33 gold pieces
  8849 | D:4      | Bought a scroll of identify for 22 gold pieces
  8849 | D:4      | Bought a scroll of blinking for 82 gold pieces
  8849 | D:4      | Bought a scroll of identify for 22 gold pieces
  9763 | D:9      | Found a burning altar of Makhleb.
 10055 | D:10     | Entered Level 10 of the Dungeon
 10195 | D:10     | Reached XP level 11. HP: 79/82 MP: 22/22
 10319 | D:10     | Learned a level 4 spell: Iskenderun's Mystic Blast
 10344 | D:10     | Noticed a two-headed ogre
 10364 | D:10     | Killed a two-headed ogre
 10365 | D:10     | Reached skill level 5 in Conjurations
 10365 | D:10     | Reached skill level 5 in Hexes
 10365 | D:10     | Reached skill level 5 in Summonings
 10365 | D:10     | Reached skill level 5 in Necromancy
 10365 | D:10     | Reached skill level 5 in Transmutations
 10365 | D:10     | Reached skill level 5 in Fire Magic
 10365 | D:10     | Reached skill level 5 in Ice Magic
 10365 | D:10     | Reached skill level 5 in Air Magic
 10365 | D:10     | Reached skill level 5 in Earth Magic
 10365 | D:10     | Reached skill level 5 in Poison Magic
 10429 | D:10     | Identified the +7 mace "Suwitot" {vorpal, Str+2 Int+3}
 10610 | D:10     | Learned a level 4 spell: Fulminant Prism
 10646 | D:10     | Reached skill level 8 in Spellcasting
 10853 | D:10     | Noticed a two-headed ogre
 11113 | D:10     | Got a transparent ring mail
 11124 | D:10     | Identified the +6 ring mail of Houcoj {Dex+4} (You found it
                  | on level 10 of the Dungeon)
 11181 | D:10     | Killed a two-headed ogre
 11223 | D:10     | Noticed a queen ant
 11489 | D:10     | Killed a queen ant
 11614 | D:10     | You fall into a shaft and drop 3 floors!
 11615 | D:13     | Noticed a manticore
 12013 | D:12     | Got a thick robe
 12024 | D:12     | Identified the +1 robe "Apial" {Rampage Int+3} (You found
                  | it on level 12 of the Dungeon)
 12123 | D:11     | Reached XP level 12. HP: 94/94 MP: 24/24
 12249 | D:11     | Found a staircase to the Orcish Mines.
 12335 | D:11     | Found a frozen archway.
 12342 | IceCv    | Entered an ice cave
 13527 | IceCv    | Noticed a frost giant
 13550 | IceCv    | Reached skill level 9 in Spellcasting
 14011 | IceCv    | Mangled by a frost giant

Illustrated notes

Levels and vault maps discovered:
D:1:      shiori_arrival_whats_in_store_for_you, layout_basic
D:2:      layout_basic, minmay_misc_feat_five, roderic_lattice_a, uniq_jessica
D:3:      layout_basic, lemuel_round_altar, nemelex_dance_club_becter
D:4:      layout_basic, bloody_trog, minmay_temple_entry_proselytizer,
          serial_shops, shop, led_xom_imps, uniq_pikel
D:5:      black_bear_nest_1, layout_cave_pods,
          nemelex_xobeh_ov_fountains_minmay, old_standard_altar,
          nzn_hepliaklqana_mist_gate
D:6:      layout_basic, kennysheep_mini
D:7:      layout_loops_cross, nicolae_overflow_crystal_walls,
          lemuel_crystal_altar, nicolae_tso_besieged_by_evil, uniq_menkaure
D:8:      layout_loops_ring, lemuel_doored_altar, okawaru_humans, basic_altar
D:9:      layout_basic, demons_altar, erik_lair_island
D:10:     layout_irregular_city, zaba_antful_of_joy
D:11:     layout_roguey, erik_orc_3, portal_ice_cave_entry_pillars_1,
          uniq_erolcha, uniq_sonja
D:12:     layout_cave_pools, serial_park, serial_park_square1
          [serial_park_minivault_5x5_1], serial_park_gazebo
          [serial_park_minivault_5x5_1], nrook_pool_corridor
D:13:     layout_irregular_city, skrybe_vaults_entry_preservation,
          kennysheep_generic_room_10, uniq_josephine, uniq_urug, uniq_jorgrun
Temple:   eino_wide_crystal_templ
IceCv:    ice_cave_caverns_02

Skill      XL: |  1  2  3  4  5  6  7  8  9 10 11 12 |
---------------+-------------------------------------+-----
Spellcasting   | 5 6 7 8 9 |  9.0
Invocations    | 1 2 3 4 5 6 7 8 |  8.1
Short Blades   | 1 2 3 4 5 6 7 |  7.4
Axes           | 1 2 3 4 5 6 7 |  7.4
Maces & Flails | 1 2 3 4 5 6 7 |  7.4
Polearms       | 1 2 3 4 5 6 7 |  7.4
Staves         | 1 2 3 4 5 6 7 |  7.4
Slings         | 1 2 3 4 5 6 7 |  7.4
Bows           | 1 2 3 4 5 6 7 |  7.4
Crossbows      | 1 2 3 4 5 6 7 |  7.4
Stealth        | 1 2 3 4 5 6 7 |  7.4
Shields        | 1 2 3 4 5 6 7 |  7.4
Unarmed Combat | 1 2 3 4 5 6 7 |  7.4
Evocations     | 1 2 3 4 5 6 7 |  7.4
Conjurations   | 1 2 3 4 5 6 |  6.1
Hexes          | 1 2 3 4 5 6 |  6.1
Summonings     | 1 2 3 4 5 6 |  6.1
Necromancy     | 1 2 3 4 5 6 |  6.1
Transmutations | 1 2 3 4 5 6 |  6.1
Fire Magic     | 1 2 3 4 5 6 |  6.1
Ice Magic      | 1 2 3 4 5 6 |  6.1
Air Magic      | 1 2 3 4 5 6 |  6.1
Earth Magic    | 1 2 3 4 5 6 |  6.1
Poison Magic   | 1 2 3 4 5 6 |  6.1
Throwing       | 3 4 5 6 7 |  7.9
Armour         | 3 4 5 6 7 |  7.9
Fighting       | 5 6 7 8 |  8.8
Long Blades    | 5 6 7 8 |  8.8
Dodging        | 5 6 7 8 |  8.8
Translocations | 6 7 8 |  8.3

Action                   |  1- 3 |  4- 6 |  7- 9 | 10-12 || total
-------------------------+-------+-------+-------+-------++-------
Melee: Falchion          |   137 |    22 |       |       ||   159
       Bite              |    11 |    18 |    33 |   156 ||   218
       Club              |       |   174 |    34 |     3 ||   211
       Dagger            |       |       |   306 |   947 ||  1253
       Lajatang          |       |       |       |   145 ||   145
       Mace              |       |       |       |     8 ||     8
Throw: Boomerang         |       |       |     1 |       ||     1
 Cast: Slow              |       |       |     1 |    20 ||    21
       Mephitic Cloud    |       |       |       |    19 ||    19
       Fulminant Prism   |       |       |       |    11 ||    11
       Blink             |       |       |       |     1 ||     1
Invok: Potion Petition   |       |       |       |     1 ||     1
Evoke: Wand              |       |       |       |     5 ||     5
  Use: Scroll            |       |       |       |    16 ||    16
       Potion            |       |       |       |     4 ||     4
 Stab: Sleeping          |     1 |     1 |     9 |    10 ||    21
       Distracted        |       |       |     3 |     5 ||     8
       Confused          |       |       |       |    16 ||    16
Armor: Leather armour    |    47 |    54 |    69 |    84 ||   254
       Ring mail         |       |       |       |   132 ||   132
Dodge: Dodged            |    84 |   145 |   141 |   593 ||   963
Block: Buckler           |    13 |    36 |    72 |   182 ||   303
       Other             |       |       |       |    25 ||    25
       Rpst.: Falchion   |    29 |     7 |       |       ||    36

Table legend: (Time is in decaauts)
 A = Elapsed time spent in this place.
 B = Non-inter-level travel time spent in this place.
 C = Inter-level travel time spent in this place.
 D = Time resting spent in this place.
 E = Time spent auto-exploring this place.
 F = Levels seen in this place.
 G = Mean time per level.
                   A        B        C        D        E       F      G
               +--------+--------+--------+--------+--------+-----+--------+
         Total |  13712 |  13108 |    604 |   2165 |   6929 |  15 |  914.1 |
       Dungeon |  12012 |  11427 |    585 |   1179 |   6872 |  13 |  924.0 |
        Temple |     80 |     62 |     18 |      0 |     44 |   1 |   80.0 |
      Ice Cave |   1619 |   1619 |      0 |    986 |     13 |   1 | 1619.0 |
               +--------+--------+--------+--------+--------+-----+--------+

Top non-repeatable levels by time:
   IceCv: 1619 daAuts
     D:2: 1598 daAuts
     D:1: 1582 daAuts
    D:10: 1305 daAuts
     D:9: 1249 daAuts
     D:8: 1042 daAuts
     D:4: 961 daAuts
     D:6: 927 daAuts
     D:5: 927 daAuts
     D:3: 879 daAuts
     D:7: 875 daAuts
    D:11: 271 daAuts
    D:13: 218 daAuts
    D:12: 172 daAuts
  Temple: 80 daAuts
